 Dungeon Crawl Stone Soup version 0.27.1-33-g824d729ab1 (console) character file.

Game seed: 4129176809248660966

8180 Banquo the Cleaver (level 11, -6/78 HPs)
             Began as a Djinni Berserker on Dec 16, 2021.
             Was an Elder of Trog.
             Mangled by an orc knight (20 damage)
             ... in a bailey.
             The game lasted 00:22:23 (7128 turns).

Banquo the Cleaver (Djinni Berserker)               Turns: 7128, Time: 00:22:24

Health: -6/78      AC: 14    Str: 19    XL:     11   Next: 51%
Gold:   365        EV: 10    Int:  9    God:    Trog [****..] SH:  0 Dex: 13

rFire    + + .     SeeInvis .   a - +1 war axe (freeze)
rCold    x . .     Faith    .   (no shield)
rNeg     . . .     Spirit   .   d - +1 chain mail
rPois    ∞         Reflect  .   (no helmet)
rElec    .         Harm     .   e - +0 cloak
rCorr    .         Rampage  .   (no gloves)
Will     +....                  (boots unavailable)
Stlth    ..........             (no amulet)
HPRegen  0.23/turn              (no ring)
MPRegen  0.00/turn              (no ring)

@: on berserk cooldown, flying, slowed, very slow
A: sickness immunity, fire resistance 2, cold vulnerability 1, float, innate
caster, hp casting, extra vitality 1
a: Renounce Religion, Berserk, Trog's Hand, Brothers in Arms


You were in a bailey.
You worshipped Trog.
Trog was greatly pleased with you.
You visited 1 branch of the dungeon, and saw 7 of its levels.
You also visited: Bailey.

You collected 403 gold pieces.
You spent 38 gold pieces at shops.

Inventory:

Hand Weapons
 a - a +1 war axe of freezing (weapon)
 m - a +1 dagger of electrocution
 q - a +0 trident
 r - a +0 hand axe
 t - a +0 hand crossbow
 D - a +4 flail
 J - a +0 war axe
 K - a +0 trident
Missiles
 f - 220 stones (quivered)
 h - 4 throwing nets
 u - 50 bolts
 y - 2 silver javelins
Armour
 b - a +0 animal skin
 d - a +1 chain mail (worn)
 e - a +0 cloak (worn)
 A - the +1 robe "Olioz" {Int+6}
   (You found it on level 5 of the Dungeon)

   Int:       It affects your intelligence (+6).
 H - +0 steam dragon scales
Wands
 s - a wand of digging (5)
 v - a wand of paralysis (8)
 F - a wand of iceblast (9)
Scrolls
 i - 2 scrolls of teleportation
 l - a scroll of enchant weapon
 w - a scroll of enchant armour
 z - a scroll of identify {unknown}
 C - a scroll of acquirement {unknown}
 I - a scroll of holy word {unknown}
Potions
 c - 2 potions of brilliance {unknown}
 g - 4 potions of curing {unknown}
 j - 2 potions of might {unknown}
 k - 5 potions of heal wounds {unknown}
 n - 3 potions of flight {unknown}
 o - 2 potions of invisibility {unknown}
 p - 4 potions of resistance {unknown}
 x - 3 potions of magic {unknown}
 B - 2 potions of mutation {unknown}
 E - 3 potions of haste {unknown}
 G - a potion of lignification {unknown}


   Skills:
 * Level 6.7 Fighting
 * Level 10.3 Axes
 * Level 10.2 Armour
 * Level 7.0 Dodging


You couldn't memorise any spells.
You knew the following spells:

 Your Spells              Type           Power      Damage    Failure   Level
a - Sandblast             Erth           0%         2d4       97%         1
b - Slow                  Hex            0%         N/A       99%         2
c - Summon Guardian Gole  Hex/Summ       0%         N/A       100%        3
d - Ice Form              Ice/Tmut       0%         N/A       100%        4
e - Passage of Golubria   Tloc           N/A        N/A       100%        4
Your spell library was empty.


Dungeon Overview and Level Annotations

Branches:
Dungeon (7/15)             Temple (0/1) D:5          Bailey (1/1)

Altars:

Shops:
D:3 [*   D:7 [[

Annotations:
D:7 3 runed translucent doors, Jabberih's ghost, amateur MfIE


Innate Abilities, Weirdness & Mutations

You are immune to sickness and miasma.
You are immune to poison.
Your flesh is very heat resistant. (rF++)
You are vulnerable to cold. (rC-)
You float through the air rather than walking.
You learn spells naturally, not from books.
Your magical power is your life essence.
You have superior vitality. (+4 HP)


Message History

The orc warrior barely misses your ogre.
Your ogre barely misses the orc warrior.
You barely miss the orc warrior.
The orc warrior is severely wounded.
Your skin stops crawling.
You feel less strong-willed.
Your ogre closely misses the orc warrior.
The orc warrior hits you with a +0 spear.
The orc warrior hits you with a +0 spear!
Your ogre barely misses the orc warrior.
You closely miss the orc warrior.
The orc warrior is severely wounded.
Your ogre hits the orc warrior with a +0 giant spiked club!!
The orc warrior dies!
Trog accepts your kill.
You can now call in reinforcements.
The orc knight barely misses you.
Your ogre hits the orc knight with a +0 giant spiked club!!
The orc knight hits you but does no damage.
Things that are here:
a +0 spear; a +0 chain mail You slash the orc knight!
You freeze the orc knight.
The orc knight is heavily wounded.
Your ogre misses the orc knight.
The orc knight hits you with a +0 trident!!
* * * LOW HITPOINT WARNING * * *
Your ogre closely misses the orc knight.
An orc knight comes into view. It is wielding a +0 halberd.
The orc knight hits you but does no damage.
You slash the orc knight! You freeze the orc knight.
The orc knight is severely wounded.
Your ogre hits the orc knight with a +0 giant spiked club.
The orc knight roars a battlecry!
The orc knight goes into a battle-frenzy!
The orc knight roars a battlecry!
The orc knight goes into a battle-frenzy!
Your ogre closely misses the orc knight.
You hear a shout!
You hit the orc knight but do no damage.
The orc knight is severely wounded.
The orc knight hits you with a +0 trident!!
You die...

#.....#
#.....#
#.)...#
#.))).#
#...).#
##')'##
##)....##
#..)....#
#.@O....#
#.o.....#
#.......#
#.......#
##.....##
#'''''#
#.....#
.....o.


You could see 2 orc knights and a friendly ogre (summoned, berserk).

Vanquished Creatures
  Harold (D:7)
  An orc knight (Bailey)
  Maggie (D:7)
  Sigmund (D:2)
  A shadow (D:6)
  A steam dragon (D:6)
  3 orc warriors (Bailey)
  2 black bears
  An ice beast (D:6)
  5 necrophages
  3 ogres
  A centaur (D:5)
  A bullfrog (D:6)
  3 scorpions
  A gnoll sergeant (D:3)
  A water moccasin skeleton (D:5)
  A howler monkey (D:4)
  3 jellies
  A gnoll shaman (D:6)
  4 hounds
  2 centaur skeletons
  2 iguanas
  2 orc wizards (D:4)
  2 hound zombies (D:5)
  A howler monkey skeleton (D:6)
  9 gnolls
  5 adders
  2 white imps
  An adder skeleton (D:4)
  3 worms
  2 dart slugs
  35 orcs
  6 endoplasms
  4 giant cockroaches
  6 goblins
  4 hobgoblins
  7 jackals
  3 quokkas
  2 ball pythons (D:2)
  A bat (D:3)
  2 frilled lizards
  7 kobolds
  6 rats
150 creatures vanquished.

Vanquished Creatures (collateral kills)
  4 orc warriors (Bailey)
  An orc (Bailey)
5 creatures vanquished.

Grand Total: 155 creatures vanquished

Notes
Turn   | Place    | Note
-------+----------+-------------------------------------------
     0 | D:1      | Banquo the Djinni Berserker began the quest for the Orb.
     0 | D:1      | Reached XP level 1. HP: 20/20 MP: 0/0
   473 | D:1      | Reached XP level 2. HP: 25/25 MP: 0/0
   703 | D:2      | Noticed Sigmund
  1315 | D:2      | Reached XP level 3. HP: 26/30 MP: 0/0
  1315 | D:2      | Learned a level 1 spell: Sandblast
  1360 | D:2      | Killed Sigmund
  1361 | D:2      | Reached XP level 4. HP: 35/35 MP: 0/0
  1361 | D:2      | Reached XP level 5. HP: 40/40 MP: 0/0
  1361 | D:2      | Learned a level 2 spell: Slow
  1361 | D:2      | Reached XP level 6. HP: 46/46 MP: 0/0
  1573 | D:2      | Reached ** piety under Trog
  2098 | D:3      | Found Astrokku's General Store.
  2395 | D:3      | Found Imatypor's Armour Emporium.
  2513 | D:4      | Noticed a necrophage
  2528 | D:3      | Reached skill level 5 in Axes
  2702 | D:4      | Noticed a black bear
  3214 | D:3      | Bought a +0 war axe for 38 gold pieces
  3239 | D:4      | Reached XP level 7. HP: 45/50 MP: 0/0
  3239 | D:4      | Learned a level 3 spell: Summon Guardian Golem
  3763 | D:4      | Reached skill level 5 in Armour
  4174 | D:5      | Entered Level 5 of the Dungeon
  4237 | D:5      | Identified the +1 robe "Olioz" {Int+6}
  4242 | D:5      | Reached XP level 8. HP: 51/56 MP: 0/0
  5028 | D:5      | Reached XP level 9. HP: 60/60 MP: 0/0
  5028 | D:5      | Learned a level 4 spell: Ice Form
  5344 | D:5      | Reached *** piety under Trog
  5354 | D:5      | Found a staircase to the Ecumenical Temple.
  6380 | D:7      | Found Hofanniw's Antique Armour Boutique.
  6387 | D:7      | Noticed Harold
  6459 | D:7      | Killed Harold
  6460 | D:7      | Reached XP level 10. HP: 62/67 MP: 0/0
  6568 | D:7      | Found Jeush's Armour Emporium.
  6597 | D:7      | Found a runed translucent gate.
  6599 | D:7      | Noticed Maggie
  6606 | D:7      | Found a runed translucent gate.
  6615 | D:7      | Killed Maggie
  6616 | D:7      | Found a runed translucent gate.
  6620 | D:7      | Noticed Jabberih's ghost (amateur MfIE)
  6659 | D:7      | Found a flagged portal.
  6712 | Bailey   | Entered a bailey
  6889 | Bailey   | Reached **** piety under Trog
  7089 | Bailey   | Reached skill level 10 in Axes
  7089 | Bailey   | Reached skill level 10 in Armour
  7089 | Bailey   | Reached XP level 11. HP: 78/78 MP: 0/0
  7089 | Bailey   | Learned a level 4 spell: Passage of Golubria
  7094 | Bailey   | Noticed an orc knight
  7119 | Bailey   | Killed an orc knight
  7121 | Bailey   | Noticed an orc knight
  7126 | Bailey   | Noticed an orc knight
  7128 | Bailey   | Mangled by an orc knight

Illustrated notes

Levels and vault maps discovered:
D:1:      minmay_arrival_stone_box, layout_loops_ring
D:2:      layout_basic, hex_large, minmay_box_of_dots, uniq_sigmund
D:3:      layout_rooms, serial_shops, nicolae_shop_trees, nicolae_shop_trees
D:4:      layout_cave_pools, wad_rectangle_vault
D:5:      layout_basic, minmay_temple_entry_fiery, minmay_starry_boxes
D:6:      layout_basic
D:7:      layout_gridville, mainiacjoe_overflow_chevrons, gammafunk_ghost_split,
          enter_bailey_7, serial_shops, shop, shop_statue,
          nicolae_stop_n_shop_1, minmay_misc_feat_five, grunt_ministairs_6,
          uniq_harold, uniq_maggie, uniq_duvessa
Bailey:   bailey_polearm_5, bailey

Skill      XL: |  1  2  3  4  5  6  7  8  9 10 11 |
---------------+----------------------------------+-----
Axes           | 3 4 5 6 7 9 10 | 10.3
Armour         | 3 4 5 6 8 10 | 10.2
Dodging        | 6 7 |  7.0
Fighting       | 6 |  6.7

Action                   |  1- 3 |  4- 6 |  7- 9 | 10-12 || total
-------------------------+-------+-------+-------+-------++-------
Melee: Hand axe          |    67 |   100 |       |       ||   167
       War axe           |       |     6 |   252 |    73 ||   331
Invok: Berserk           |     1 |     4 |    12 |     5 ||    22
       Trog's Hand       |       |       |     1 |     4 ||     5
       Brothers in Arms  |       |       |       |     1 ||     1
  Use: Scroll            |       |       |     9 |       ||     9
       Potion            |       |       |       |     1 ||     1
Armor: Chain mail        |    30 |    49 |   156 |    62 ||   297
       Animal skin       |     1 |       |       |       ||     1
Dodge: Dodged            |    29 |    48 |   105 |    61 ||   243
